 Dungeon Crawl Stone Soup version 0.26.1-11-gd32895ea62 (webtiles) character file.

Game seed: 1289212318563016168

46 Tirrikindir the Shield-Bearer (level 3, -4/23 HPs)
             Began as an Octopode Fighter on June 16, 2021.
             Slain by a goblin
             ... wielding a +0 dagger
             ... led by Robin
              (8 damage)
             ... on level 2 of the Dungeon.
             The game lasted 00:02:24 (1007 turns).

Tirrikindir the Shield-Bearer (Octopode Fighter)    Turns: 1007, Time: 00:02:24

Health: -4/23      AC:  1    Str: 13    XL:     3   Next: 68%
Magic:  3/3        EV: 12    Int: 12    God:
Gold:   63         SH:  8    Dex: 12    Spells: 2/2 levels left

rFire    . . .     SeeInvis .   a - +0 long sword
rCold    . . .     Faith    .   b - +0 kite shield
rNeg     . . .     Spirit   .   (helmet restricted)
rPois    .         Reflect  .   (no amulet)
rElec    .         Harm     .   (no ring)
rCorr    .         Rampage  .   (no ring)
Will     .....                  (no ring)
Stlth    +++.......             (no ring)
HPRegen  0.07/turn              (no ring)
MPRegen  0.08/turn              (no ring)
                                (no ring)
                                (no ring)

@: mighty
A: almost no armour, stealthy swim, amphibious, 8 rings, constrict 8, camouflage
1, clever 1, frail 1, weak 1, gelatinous body 1
a: no special abilities


You were on level 2 of the Dungeon.
You visited 1 branch of the dungeon, and saw 2 of its levels.

You collected 63 gold pieces.

Inventory:

Hand Weapons
 a - a +0 long sword (weapon)
Armour
 b - a +0 kite shield (worn)
Scrolls
 d - a scroll of enchant armour {unknown}
 e - a scroll of teleportation
 f - a scroll of fog {unknown}
Potions
 c - a potion of might


   Skills:
 + Level 3.2 Fighting
 * Level 2.8 Long Blades
 + Level 3.2 Dodging
 + Level 1.5 Stealth
 + Level 3.3 Shields


You had 2 spell levels left.
You didn't know any spells.
Your spell library was empty.

Dungeon Overview and Level Annotations

Branches:
Dungeon (2/15)

Altars:

Annotations:
D:2 Robin


Innate Abilities, Weirdness & Mutations

You cannot wear most types of armour.
You are very stealthy in the water. (Stealth+)
You are amphibious.
You can wear up to eight rings at the same time.
You can use your tentacles to constrict eight enemies at once.
Your skin changes colour to match your surroundings (Stealth+).
Your rubbery body absorbs attacks. (AC +1, EV +1)
Your mind is acute. (Int +2)
You are frail. (-10% HP)
You are weak. (Str -2)


Message History

You slash the goblin!
You kill the goblin!
You hit the goblin.
You kill the goblin!
A goblin comes into view. It is wielding a +0 club.
The goblin unwields a +0 hunting sling.
The goblin wields a +0 club.
The goblin hits you with a +0 club.
* * * LOW HITPOINT WARNING * * *
Robin throws the goblin at you!
You completely miss the goblin. Your grab misses the goblin.
You block the goblin's attack.
Robin zaps a wand.
Some rock shatters into small pieces.
You block the goblin's attack.
A goblin comes into view.
A hobgoblin comes into view. It is wielding a +0 club.
A goblin comes into view.
The goblin shouts!
You slash the goblin!
You kill the goblin!
The goblin hits you with a +0 dagger!
You die...

### ## ##.## #.##
##...##..gg #..).gggg.#
#..g.# ##ggg#######
#@..#.....#
#####)..#.....#
#.......#.....#
#.####..#.....#
##.####..#.....#
#.......##.....#
#.#.###.##.....#
#...###.####.#########.
#..#...................


You could see Robin, a hobgoblin (strong) and 5 goblins.

Vanquished Creatures
  An ooze (D:1)
  3 leopard geckos
  A ball python (D:2)
  2 giant cockroaches
  8 goblins
  4 hobgoblins
  4 jackals (D:1)
  4 kobolds
  4 bats (D:1)
  2 frilled lizards
  A rat (D:2)
34 creatures vanquished.

Notes
Turn   | Place    | Note
-------+----------+-------------------------------------------
     0 | D:1      | Tirrikindir the Octopode Fighter began the quest for the
                  | Orb.
     0 | D:1      | Reached XP level 1. HP: 16/16 MP: 1/1
   131 | D:1      | Reached XP level 2. HP: 21/21 MP: 2/2
   160 | D:1      | Reached skill level 1 in Stealth
   192 | D:1      | Gained mutation: You are frail. (-10% HP) [potion of
                  | mutation]
   192 | D:1      | Gained mutation: You are weak. (Str -2) [potion of
                  | mutation]
   192 | D:1      | Gained mutation: Your mind is acute. (Int +2) [potion of
                  | mutation]
   375 | D:1      | Reached XP level 3. HP: 18/23 MP: 3/3
   992 | D:2      | Noticed Robin
  1007 | D:2      | Slain by a goblin

Illustrated notes

Levels and vault maps discovered:
D:1:      dpeg_arrival_tiny_i, layout_basic, minmay_surrounded
D:2:      layout_loops_cross, uniq_robin

Skill      XL: |  1  2 |
---------------+-------+-----
Stealth        | 1 |  1.5
Fighting       | |  3.2
Long Blades    | |  2.8
Dodging        | |  3.2
Shields        | |  3.3

Action                   || total
-------------------------++-------
Melee: Long sword        ||    58
       Constrict         ||    12
       Tentacles         ||    12
  Use: Scroll            ||     3
       Potion            ||     2
 Stab: Sleeping          ||     4
       Distracted        ||     1
Armor: Skin              ||     3
Dodge: Dodged            ||    29
Block: Kite shield       ||    34
       Rpst.: Long sword ||    11
